 Dungeon Crawl Stone Soup version 0.31-a0-150-g89dc3ad700 (webtiles) character file.

Game seed: 7390090047205677986

656 qw the Skirmisher (level 7, -4/62 HPs)
             Began as a Minotaur Hunter on June 8, 2023.
             Slain by Edmund
             ... wielding a +3 flail of holy wrath
              (6 damage)
             ... on level 5 of the Dungeon.
             The game lasted 00:01:23 (4307 turns).

qw the Skirmisher (Minotaur Hunter)                 Turns: 4307, Time: 00:01:24

Health: -4/62      AC:  5    Str: 15 (16) XL:     7   Next: 29%
Magic:  6/6        EV: 11    Int:  6      God:
Gold:   292        SH:  0    Dex: 15      Spells: 6/6 levels left

rFire   . . .        Y - +2 shortbow
rCold   . . .        (shield currently unavailable)
rNeg    . . .        g - +0 ring mail
rPois   .            (helmet restricted)
rElec   .            (no cloak)
rCorr   .            (no gloves)
SInv    .            (no boots)
Will    .....        (no amulet)
Stlth   +            (no ring)
HPRegen 0.30/turn    (no ring)
MPRegen 0.10/turn

%: no passive effects
@: about to teleport
A: horns 2, retaliatory headbutt
a: no special abilities


You were on level 5 of the Dungeon.
You visited 1 branch of the dungeon, and saw 5 of its levels.

You collected 292 gold pieces.


Innate Abilities, Weirdness & Mutations

You have a pair of horns on your head.
You reflexively headbutt those who attack you in melee.


   Skills:
 - Level 5.7 Fighting
 + Level 8.4 Ranged Weapons
 - Level 1.5 Armour
 - Level 2.1 Dodging
 - Level 0.7 Stealth


You had 6 spell levels left.
You didn't know any spells.
Your spell library was empty.

Inventory:

Hand Weapons
 f - a +1 sling of flaming
 Y - a +2 shortbow (weapon)
Armour
 g - a +0 ring mail (worn)
Scrolls
 a - 2 scrolls of identify
 c - a scroll of vulnerability {unknown}
Potions
 b - a potion of mutation
 d - a potion of curing
 e - 2 potions of might

Dungeon Overview and Level Annotations

Branches:
Dungeon (5/15)
 Temple: D:4-7

Altars:
Gozag
Qazlal
Yredelemnul
The Shining One

Annotations:
D:2 1 runed translucent door, Crazy Yiuf
D:3 3 runed translucent doors, qw's ghost, amateur GrFi
D:5 Edmund


Message History

Edmund hits you with a +3 flail of holy wrath!
You shoot an arrow. The arrow hits Edmund!
Edmund is moderately wounded.
Edmund hits you with a +3 flail of holy wrath!
You shoot an arrow.
The arrow hits Edmund but does no damage.
Edmund is moderately wounded.
Edmund closely misses you.
You shoot an arrow. The arrow barely misses Edmund.
Edmund hits you with a +3 flail of holy wrath.
You shoot an arrow.
The arrow hits Edmund but does no damage.
Edmund is moderately wounded.
Edmund barely misses you.
You shoot an arrow. The arrow hits Edmund.
Edmund is moderately wounded.
Edmund hits you with a +3 flail of holy wrath!
You shoot an arrow. The arrow closely misses Edmund.
Edmund closely misses you.
You shoot an arrow. The arrow hits Edmund!
Edmund is severely wounded.
Edmund hits you with a +3 flail of holy wrath.
You shoot an arrow. The arrow hits Edmund.
Edmund is severely wounded.
Edmund hits you with a +3 flail of holy wrath!
Edmund hits you with a +3 flail of holy wrath.
4304 ||| READING scroll of teleportation.
As you read the scroll of teleportation, it crumbles to dust.
You feel strangely unstable.
Edmund hits you with a +3 flail of holy wrath!
You shoot an arrow. The arrow barely misses Edmund.
Edmund hits you with a +3 flail of holy wrath.
You shoot an arrow. The arrow hits Edmund!
Edmund is almost dead.
Edmund drinks a potion.
Edmund is healed!
You shoot an arrow.
The arrow hits Edmund but does no damage.
Edmund is severely wounded.
Edmund hits you with a +3 flail of holy wrath.
You die...

###.......### ####
#.>...##.####
...##...###.##....#
#....## #..####.##
#..## ##...##.[# .##
#...#########......
....#
#..............#..
#...#.############....
#..@# ###.# #.#@# #..
#..#.# ##. #.. #.# #
#.# #.# #. #.# . #.#
#..


You could see Edmund.

Vanquished Creatures
  A black bear (D:5)
  Blork the orc (D:4)
  2 scorpions
  A hound (D:5)
  A jelly (D:5)
  Jessica (D:2)
  2 iguanas
  3 orc wizards
  Robin (D:3)
  6 adders
  3 worms
  2 dart slugs
  9 orcs
  3 ball pythons
  11 endoplasms
  2 giant cockroaches (D:2)
  13 goblins
  9 hobgoblins
  11 kobolds
  2 quokkas
  2 bats (D:2)
  3 frilled lizards
  9 rats
98 creatures vanquished.

Notes
Turn   | Place    | Note
-------+----------+-------------------------------------------
     0 | D:1      | qw the Minotaur Hunter began the quest for the Orb.
     0 | D:1      | Reached XP level 1. HP: 18/18 MP: 0/0
     0 | D:1      | 0 ||| qw: Version: 0.2-a-119-g0488c42
     0 | D:1      | 0 ||| qw: Game counter: 2742
     0 | D:1      | 0 ||| qw: Always use a shield: true
     0 | D:1      | 0 ||| qw: God list: Okawaru
     0 | D:1      | 0 ||| qw: Allow faded altars: false
     0 | D:1      | 0 ||| qw: Do Orc after D:15 true
     0 | D:1      | 0 ||| qw: Do second Lair branch before Depths: true
     0 | D:1      | 0 ||| qw: Lair rune preference: random
     0 | D:1      | 0 ||| qw: Plans: Normal
     0 | D:1      | 0 ||| PLANNING D:1-11
   383 | D:1      | Reached XP level 2. HP: 25/25 MP: 1/1
   404 | D:1      | Reached skill level 5 in Ranged Weapons
   899 | D:1      | 899 ||| READING scroll labelled JYROLE DOJAMI.
   943 | D:1      | 943 ||| READING scroll labelled ECRAK ZUMM.
  1044 | D:1      | 1044 ||| DROPPING scroll of butterflies.
  1072 | D:2      | Reached skill level 3 in Fighting
  1200 | D:2      | Reached XP level 3. HP: 27/31 MP: 2/2
  1336 | D:2      | Noticed Jessica
  1340 | D:2      | Killed Jessica
  1341 | D:2      | Reached skill level 6 in Ranged Weapons
  1341 | D:2      | Reached XP level 4. HP: 38/38 MP: 3/3
  1427 | D:2      | Found a runed translucent door.
  1428 | D:2      | Noticed Crazy Yiuf
  1752 | D:2      | Found a faded altar of an unknown god.
  1941 | D:2      | 1941 ||| READING 2 scrolls labelled XEISMOU QEJAPP.
  1942 | D:2      | 1942 ||| READING scroll labelled HEIZYE YSHUFUO.
  1943 | D:2      | 1943 ||| READING scroll labelled ZUOWIC CUICA.
  1944 | D:2      | 1944 ||| READING scroll labelled ORHYVA NO REU.
  2128 | D:3      | 2128 ||| READING scroll of enchant weapon.
  2128 | D:3      | 2128 ||| ENCHANTING +1 shortbow.
  2162 | D:3      | Found an opulent altar of Gozag.
  2165 | D:3      | Found a glowing golden altar of the Shining One.
  2174 | D:3      | Found a basalt altar of Yredelemnul.
  2177 | D:3      | Found a stormy altar of Qazlal.
  2215 | D:3      | Noticed Robin
  2220 | D:3      | Killed Robin
  2223 | D:3      | Reached XP level 5. HP: 19/46 MP: 4/4
  2223 | D:3      | HP: 11/46 [goblin/+0 dagger[Robin] (3)]
  2228 | D:3      | HP: 10/46 [goblin/+0 dagger[Robin] (2)]
  2433 | D:3      | Found a runed translucent gate.
  2433 | D:3      | Noticed qw's ghost (amateur GrFi)
  2434 | D:3      | Found a runed translucent gate.
  2435 | D:3      | Found a runed translucent gate.
  2499 | D:3      | HP: 1/46 [iguana (13)]
  3003 | D:3      | 3003 ||| DRINKING 2 purple potions.
  3004 | D:3      | 3004 ||| DRINKING 3 orange potions.
  3005 | D:3      | 3005 ||| DRINKING 2 blue potions.
  3006 | D:3      | 3006 ||| READING 2 scrolls of identify.
  3006 | D:3      | 3006 ||| IDENTIFYING metallic blue potion
  3007 | D:3      | 3007 ||| DROPPING potion of degeneration.
  3047 | D:4      | 3047 ||| Stepping ~*~*~tactically~*~*~ (outnumbered).
  3116 | D:4      | Reached skill level 7 in Ranged Weapons
  3168 | D:4      | Reached XP level 6. HP: 26/52 MP: 5/5
  3370 | D:4      | Noticed Blork the orc
  3379 | D:4      | Killed Blork the orc
  3380 | D:4      | Reached skill level 8 in Ranged Weapons
  3842 | D:4      | 3842 ||| UPGRADING to +0 ring mail.
  3852 | D:4      | 3852 ||| DROPPING +0 leather armour.
  3878 | D:5      | Entered Level 5 of the Dungeon
  3935 | D:5      | Reached skill level 1 in Armour
  3959 | D:5      | Reached XP level 7. HP: 42/62 MP: 6/6
  4288 | D:5      | Noticed Edmund
  4303 | D:5      | HP: 14/62 [Edmund/+3 flail of holy wrath (10)]
  4304 | D:5      | 4304 ||| READING scroll of teleportation.
  4304 | D:5      | HP: 3/62 [Edmund/+3 flail of holy wrath (11)]
  4305 | D:5      | HP: 1/62 [Edmund/+3 flail of holy wrath (2)]
  4307 | D:5      | Slain by Edmund

Levels and vault maps discovered:
D:1:      dpeg_arrival_radiant, layout_loops_corners, grunt_decor_one_mirror
D:2:      layout_basic, shapermc_ecumenical_altar_mp_vishouse, fountainhead,
          minmay_misc_feat_nine_boxes, minmay_misc_feat_tower,
          minmay_tromino_v7, uniq_jessica, uniq_crazy_yiuf_cottage
D:3:      layout_basic, grunt_temple_overflow_cloverleaf,
          biasface_ghost_orc_armoury, uniq_robin
D:4:      layout_cave_pools, uniq_blork_the_orc
D:5:      layout_rooms, uniq_edmund

Skill      XL: |  1  2  3  4  5  6 |
---------------+-------------------+-----
Ranged Weapons | 5 6 7 8 |  8.4
Fighting       | 3 4 5 |  5.7
Armour         | 1 |  1.5
Dodging        | |  2.1
Stealth        | |  0.7

Action                     |  1- 3 |  4- 6 |  7- 9 || total
---------------------------+-------+-------+-------++-------
   Fire: Shortbow          |    78 |   201 |    28 ||   307
    Use: Scroll            |     2 |     6 |     1 ||     9
         Potion            |       |     3 |       ||     3
 Armour: Leather armour    |     6 |    13 |       ||    19
         Ring mail         |       |     4 |     3 ||     7
  Dodge: Dodged            |    18 |    49 |     8 ||    75

Table legend:
 A = Non-vault XP
 B = Vault XP
 C = Vault XP percentage of total XP
 D = Non-vault monster count
 E = Vault monster count
 F = Vault count percentage of total count
                 A         B        C        D         E       F
            +---------+---------+-------+---------+---------+-------
      Total |     766 |     172 |  18.3 |      81 |      17 |  17.3
            +---------+---------+-------+---------+---------+-------
        D:1 |      27 |       0 |   0.0 |      15 |       0 |   0.0
        D:2 |      78 |      41 |  34.5 |      22 |       5 |  18.5
        D:3 |      77 |      32 |  29.4 |      11 |      11 |  50.0
        D:4 |     245 |      99 |  28.8 |      25 |       1 |   3.8
        D:5 |     339 |       0 |   0.0 |       8 |       0 |   0.0
            +---------+---------+-------+---------+---------+-------
